 Dungeon Crawl Stone Soup version 0.27.1-3-gb3d3a73c9e (webtiles) character file.

Game seed: 13540216120063549985

1176 pkoi the Carver (level 8, -3/55 HPs)
             Began as a Minotaur Gladiator on Oct 7, 2021.
             Was a Follower of Elyvilon.
             Slain by an orc warrior (13 damage)
             ... on level 6 of the Dungeon.
             The game lasted 00:05:31 (5188 turns).

pkoi the Carver (Minotaur Gladiator)                Turns: 5188, Time: 00:05:32

Health: -3/55      AC: 13    Str: 20 (21) XL:     8   Next: 18%
Magic:  0/10       EV:  7    Int:  5      God:    Elyvilon [*.....]
Gold:   168        SH:  0    Dex: 12      Spells: 7/7 levels left

rFire    . . .     SeeInvis .   a - +0 long sword
rCold    . . .     Faith    .   (no shield)
rNeg     . . .     Spirit   +   e - +0 plate armour
rPois    .         Reflect  .   c - +1 hat
rElec    .         Harm     .   (no cloak)
rCorr    .         Rampage  .   (no gloves)
Will     .....                  (no boots)
Stlth    ..........             m - amulet of guardian spirit
HPRegen  0.18/turn              (no ring)
MPRegen  0.12/turn              (no ring)

@: no status effects
A: horns 2, retaliatory headbutt, deterioration 1, frail 1
a: Renounce Religion, Lesser Healing, Divine Protection


You were on level 6 of the Dungeon.
You worshipped Elyvilon.
Elyvilon was aware of your devotion.
You visited 1 branch of the dungeon, and saw 7 of its levels.

You collected 168 gold pieces.

Inventory:

Hand Weapons
 a - a +0 long sword (weapon)
Missiles
 d - 3 throwing nets (quivered)
 f - 18 arrows
Armour
 c - a +1 hat (worn)
 e - a +0 plate armour (worn)
Jewellery
 h - an amulet of reflection
 k - a ring of wizardry
 m - an amulet of guardian spirit (around neck)
Wands
 r - a wand of digging (7)
Scrolls
 b - 4 scrolls of teleportation
 q - 2 scrolls of amnesia
Potions
 i - a potion of magic
 l - a potion of haste
 n - a potion of flight
 o - a potion of heal wounds
 p - a potion of curing
 s - a potion of cancellation


   Skills:
 - Level 2.6 Fighting
 * Level 9.1 Long Blades
 - Level 2.0 Throwing
 + Level 4.5 Armour
 - Level 3.2 Dodging
 * Level 5.3 Invocations


You had 7 spell levels left.
You didn't know any spells.
Your spell library contained the following spells:

 Spells                   Type           Power      Damage    Failure   Level
 Dazzling Flash           Conj/Hex       0%         N/A       100%        3
 Portal Projectile        Hex/Tloc       0%         N/A       100%        3
 Agony                    Necr           0%         N/A       100%        5
 Blade Hands              Tmut           0%         N/A       100%        5
 Excruciating Wounds      Necr           0%         N/A       100%        5
 Freezing Cloud           Conj/Ice/Air   0%         6-21      100%        5
 Silence                  Hex/Air        0%         N/A       100%        5
 Simulacrum               Ice/Necr       0%         N/A       100%        6
 Polar Vortex             Ice            0%         N/A       100%        9


Dungeon Overview and Level Annotations

Branches:
Dungeon (7/15)
 Temple: D:4-7

Altars:
Cheibriados
Elyvilon
Nemelex Xobeh
Qazlal

Shops:
D:4 (*

Portals:
Ossuary: D:5

Annotations:
D:5 1 transporter


Innate Abilities, Weirdness & Mutations

You have a pair of horns on your head.
You reflexively headbutt those who attack you in melee.
Your body sometimes deteriorates upon taking damage.
You are frail. (-10% HP)


Message History

The orc warrior hits your sky beast with a +0 glaive!
What are your orders? t - Shout!
Orders for allies: a - Attack new target. r - Retreat! s - Stop attacking. g - Guard the area. f - Follow me.
Anything else - Cancel.
Gang up on whom?
Press: ? - help, Dir - move target, f - orc warrior
Aim: an orc warrior, wielding a +0 glaive and wearing a +0 chain mail (ally target) Attack!
Your sky beast hits the orc warrior but does no damage.
The orc warrior closely misses your sky beast.
Your sky beast flickers out of sight for a moment.
Your sky beast hits the orc warrior.
Your sky beast shocks the orc warrior.
The orc warrior hits your sky beast with a +0 glaive!!
Your sky beast dies!
Your sky beast's corpse dissolves into shadows!
Unknown command.
Your sky beast hits the orc warrior but does no damage.
The orc warrior completely misses your sky beast.
Unknown command.
Your sky beast closely misses the orc warrior.
The orc warrior hits your sky beast with a +0 glaive!!
Your sky beast closely misses the orc warrior.
The orc warrior closely misses your sky beast.
Your sky beast hits the orc warrior but does no damage.
The orc warrior hits your sky beast with a +0 glaive!
Your sky beast dies!
Your sky beast's corpse dissolves into shadows!
You are starting to lose your buoyancy.
You hit the orc. You headbutt the orc.
You kill the orc!
You see here a +0 hand axe.
You float gracefully downwards.
As you read the scroll labelled ASUJEO PAICW, it crumbles to dust.
It is a scroll of amnesia.
You feel forgetful for a moment.
The orc warrior hits you from afar with a +0 glaive!!
You die...

.##.#.# #.#
.##.#.# #.#####
..o.#.# #......
.#.##.#########
#######
.#.......o..o.#
#
##.##)#######.#
# ..o##.# #.# #
##.##.#
#.######### #
...##o#
#.o.@.....# #
##....#
#########.# #
#.#### #.# ###
# #.# #.#
##_### #.# #.#
##...## #.# #.#
#8.#.8# #..
#.######...##
###
#..†..###.###
######.#≈#'##


You could see an orc warrior.

Vanquished Creatures
  Grinder (D:4)
  A wraith (D:6)
  A sky beast (D:6)
  3 necrophages
  An ogre (D:5)
  A phantom (D:4)
  A kobold brigand (D:6)
  A bullfrog zombie (D:5)
  A centaur zombie (D:5)
  A hound (D:4)
  A hound skeleton (D:4)
  3 gnolls
  6 adders
  An adder skeleton (D:3)
  2 dart slugs
  7 orcs
  9 ball pythons
  2 bats
  3 endoplasms
  4 giant cockroaches
  12 goblins
  7 hobgoblins
  4 quokkas
  A frilled lizard (D:1)
  4 kobolds
  A rat (D:3)
79 creatures vanquished.

Notes
Turn   | Place    | Note
-------+----------+-------------------------------------------
     0 | D:1      | pkoi the Minotaur Gladiator began the quest for the Orb.
     0 | D:1      | Reached XP level 1. HP: 18/18 MP: 0/0
   105 | D:1      | Reached skill level 4 in Long Blades
   230 | D:1      | Reached XP level 2. HP: 25/25 MP: 1/1
  1232 | D:2      | Reached skill level 5 in Long Blades
  1333 | D:2      | Reached XP level 3. HP: 30/30 MP: 2/2
  2116 | D:3      | Reached skill level 6 in Long Blades
  2116 | D:3      | Reached XP level 4. HP: 32/37 MP: 1/3
  2223 | D:3      | Found a large runed translucent door.
  2224 | D:3      | Found a large runed translucent door.
  2641 | D:3      | Found a faded altar of an unknown god.
  3015 | D:3      | Found a white marble altar of Elyvilon.
  3022 | D:3      | Found a sparkling altar of Nemelex Xobeh.
  3030 | D:3      | Became a worshipper of Elyvilon the Healer
  3132 | D:4      | Found Kuzxuysa's Assorted Antiques.
  3215 | D:3      | Reached skill level 1 in Armour
  3224 | D:4      | Reached skill level 1 in Invocations
  3227 | D:4      | Reached XP level 5. HP: 17/42 MP: 2/4
  3247 | D:4      | Noticed a necrophage
  3402 | D:4      | Killed a necrophage
  3587 | D:4      | Found Godexif's Weapon Shoppe.
  3595 | D:4      | Noticed Grinder
  3599 | D:4      | Killed Grinder
  3600 | D:4      | Reached skill level 7 in Long Blades
  3600 | D:4      | Reached XP level 6. HP: 43/50 MP: 4/7
  3779 | D:4      | Reached * piety under Elyvilon
  3802 | D:4      | Reached XP level 7. HP: 43/56 MP: 6/8
  3813 | D:4      | Identified the +3 leather armour of Activism {rF++}
  4302 | D:5      | Entered Level 5 of the Dungeon
  4312 | D:5      | Found a sand-covered staircase.
  4346 | D:5      | Reached skill level 8 in Long Blades
  4558 | D:5      | Found a transporter.
  4576 | D:5      | You fall into a shaft and drop 1 floor!
  4576 | D:6      | Found a snail-covered altar of Cheibriados.
  4589 | D:6      | Found a stormy altar of Qazlal.
  4708 | D:6      | Reached XP level 8. HP: 43/62 MP: 8/10
  4881 | D:6      | Reached skill level 9 in Long Blades
  4881 | D:6      | Reached skill level 5 in Invocations
  5124 | D:6      | Gained mutation: You are frail. (-10% HP) [potion of
                  | mutation]
  5124 | D:6      | Gained mutation: Your body sometimes deteriorates upon
                  | taking damage. [potion of mutation]
  5188 | D:6      | Slain by an orc warrior

Illustrated notes

Levels and vault maps discovered:
D:1:      dpeg_arrival_rooms_with_view, layout_loops_corners,
          minmay_pentomino_o4
D:2:      layout_loops_ring
D:3:      layout_basic, jmf_multi_god_temple2, basic_ecumenical_altar
D:4:      layout_cave_pods, serial_shops, nicolae_shop_behind_doors,
          nicolae_inconvenience_store, uniq_grinder
D:5:      layout_loops_ring, nicolae_ossuary_entry_monument,
          gammafunk_ghost_abyssal_escape, nicolae_sextant, serial_park_tiny_1,
          kennysheep_generic_room_8, uniq_duvessa, uniq_sigmund
D:6:      layout_loops_ring, amethyst_overflow_temple_binary, temple_doors_e,
          st_stairs_3
D:7:      layout_cave_pools, serial_shops, shop_coins, kennysheep_small_spiral,
          minmay_misc_feat_rugged, uniq_pikel, uniq_maggie

Skill      XL: |  1  2  3  4  5  6  7  8 |
---------------+-------------------------+-----
Long Blades    | 4 5 6 7 8 9 |  9.1
Armour         | 1 2 3 4 |  4.5
Invocations    | 1 3 4 5 |  5.3
Fighting       | |  2.6
Throwing       | |  2.0
Dodging        | |  3.2

Action                   |  1- 3 |  4- 6 |  7- 9 || total
-------------------------+-------+-------+-------++-------
Melee: Long sword        |    67 |    63 |    80 ||   210
       Headbutt          |    12 |    12 |    20 ||    44
  Use: Scroll            |     1 |     7 |     2 ||    10
       Potion            |       |       |     4 ||     4
Armor: Leather armour    |    15 |    13 |       ||    28
       Plate armour      |       |     9 |    44 ||    53
Dodge: Dodged            |    38 |    46 |    20 ||   104
Block: Other             |     9 |       |       ||     9
       Reflection        |     1 |       |       ||     1
       Rpst.: Long sword |    11 |     9 |     5 ||    25
